| TOP OF THE 1ST |
|
Elmira Pioneers batting - Pitching for Pawtucket Paw Sox : LHP John Hobbs
|
|
Pitching: LHP John Hobbs
|
|
|
Batting: LHB German Barranca
|
0-0: Fly out, F7 (Flyball, 78M, EV 88.8 MPH)
|
|
Batting: LHB Neil Fiala
|
0-0: Ground out 4-3 (Groundball, 4S, EV 83.1 MPH)
|
|
Batting: RHB Richard Givens
|
0-0: Foul Ball, location: 2F 0-1: Fly out, F8 (Line Drive, 8LM, EV 93.1 MPH)
|
| Top of the 1st over - 0 runs, 0 hits, 0 errors, 0 left on base; Elmira 0 - Pawtucket 0 |
| BOTTOM OF THE 1ST |
|
Pawtucket Paw Sox batting - Pitching for Elmira Pioneers : RHP Rich Monteleone
|
|
Pitching: RHP Rich Monteleone
|
|
|
Batting: LHB Steven Garcia
|
0-0: Called Strike 0-1: Swinging Strike 0-2: Ball 1-2: Ball 2-2: Ground out U3 (Groundball, 3, EV 81.9 MPH)
|
|
Batting: RHB Robert Duran
|
0-0: Ground out 5-3 (Groundball, 56S, EV 80.0 MPH)
|
|
Batting: LHB Jeff Stone
|
0-0: Called Strike 0-1: Ball 1-1: Swinging Strike 1-2: Ground out U3 (Groundball, 34, EV 83.8 MPH)
|
| Bottom of the 1st over - 0 runs, 0 hits, 0 errors, 0 left on base; Elmira 0 - Pawtucket 0 |
| TOP OF THE 2ND |
|
Elmira Pioneers batting - Pitching for Pawtucket Paw Sox : LHP John Hobbs
|
|
Batting: RHB Donn Koch
|
0-0: Ball 1-0: Ground out 5-3 (Groundball, 5, EV 106.3 MPH)
|
|
Batting: RHB Edwin Rodriguez
|
0-0: Ball 1-0: Called Strike 1-1: Fly out, F3 (Flyball, 3D, EV 75.6 MPH)
|
|
Batting: SHB Esteban Mendez
|
0-0: Called Strike 0-1: Ball 1-1: Swinging Strike 1-2: Ground out 6-3 (Groundball, 6, EV 81.3 MPH)
|
| Top of the 2nd over - 0 runs, 0 hits, 0 errors, 0 left on base; Elmira 0 - Pawtucket 0 |
| BOTTOM OF THE 2ND |
|
Pawtucket Paw Sox batting - Pitching for Elmira Pioneers : RHP Rich Monteleone
|
|
Batting: RHB Dave Malpeso
|
0-0: Ball 1-0: Fly out, F4 (Popup, 4, EV 77.5 MPH)
|
|
Batting: RHB Brick Smith
|
0-0: Ball 1-0: SINGLE (Groundball, 6S, EV 66.3 MPH) (infield hit)
|
|
Batting: LHB David Wiggins
|
0-0: Ball 1-0: Ball 2-0: Foul Ball, location: 2F 2-1: Foul Ball, location: 2F 2-2: Foul Ball, location: 2F 2-2: Grounds into double play, 6-4-3 (Groundball, 6, EV 96.9 MPH)
|
| Bottom of the 2nd over - 0 runs, 1 hit, 0 errors, 0 left on base; Elmira 0 - Pawtucket 0 |
| TOP OF THE 3RD |
|
Elmira Pioneers batting - Pitching for Pawtucket Paw Sox : LHP John Hobbs
|
|
Batting: LHB Juan Flores
|
0-0: Ball 1-0: Swinging Strike 1-1: Ball 2-1: Ground out 4-3 (Groundball, 4, EV 104.4 MPH)
|
|
Batting: RHB Curtis Cannedy
|
0-0: Called Strike 0-1: Fly out, F6 (Flyball, 6D, EV 93.1 MPH)
|
|
Batting: SHB Michael Reeder
|
0-0: Called Strike 0-1: Called Strike 0-2: Strikes out swinging
|
| Top of the 3rd over - 0 runs, 0 hits, 0 errors, 0 left on base; Elmira 0 - Pawtucket 0 |
| BOTTOM OF THE 3RD |
|
Pawtucket Paw Sox batting - Pitching for Elmira Pioneers : RHP Rich Monteleone
|
|
Batting: RHB Shooty Babitt
|
0-0: Foul Ball, location: 2F 0-1: Ball 1-1: Called Strike 1-2: Ball 2-2: Foul Ball, location: 2F 2-2: Ball 3-2: Foul Ball, location: 2F 3-2: Fly out, F6 (Flyball, 6D, EV 80.0 MPH)
|
|
Batting: RHB Gary Hargis
|
0-0: Foul Ball, location: 2F 0-1: Fly out, F9 (Flyball, 89M, EV 75.6 MPH)
|
|
Batting: RHB Lenny Faedo
|
0-0: Called Strike 0-1: Ball 1-1: Fly out, F5 (Line Drive, 5, EV 65.0 MPH)
|
| Bottom of the 3rd over - 0 runs, 0 hits, 0 errors, 0 left on base; Elmira 0 - Pawtucket 0 |
| TOP OF THE 4TH |
|
Elmira Pioneers batting - Pitching for Pawtucket Paw Sox : LHP John Hobbs
|
|
Batting: LHB German Barranca
|
0-0: Foul Ball, location: 2F 0-1: Foul Ball, location: 2F 0-2: Strikes out looking
|
|
Batting: LHB Neil Fiala
|
0-0: Ball 1-0: Ground out 4-3 (Groundball, 4MD, EV 87.5 MPH)
|
|
Batting: RHB Richard Givens
|
0-0: Called Strike 0-1: Foul Ball, location: 2F 0-2: Strikes out swinging
|
| Top of the 4th over - 0 runs, 0 hits, 0 errors, 0 left on base; Elmira 0 - Pawtucket 0 |
| BOTTOM OF THE 4TH |
|
Pawtucket Paw Sox batting - Pitching for Elmira Pioneers : RHP Rich Monteleone
|
|
Batting: LHB Steven Garcia
|
0-0: Called Strike 0-1: SINGLE (Line Drive, 4M, EV 95.0 MPH)
|
|
Batting: RHB Robert Duran
|
0-0: Ball 1-0: Foul Ball, location: 2F 1-1: Ball 2-1: Ball Wild Pitch! Steven Garcia to second 3-1: Base on Balls
|
|
Batting: LHB Jeff Stone
|
0-0: Called Strike 0-1: Ball 1-1: Ball 2-1: Fielders Choice at 2nd, 4-6 (Groundball, 4, EV 90.0 MPH) Steven Garcia to third
|
|
Batting: RHB Dave Malpeso
|
0-0: Ball 1-0: Ball 2-0: Called Strike 2-1: Ball 3-1: Fly out, F3 (Popup, 3SF, EV 71.9 MPH)
|
|
Batting: RHB Brick Smith
|
0-0: Ball 1-0: Swinging Strike 1-1: Ball 2-1: Foul Ball, location: 2F 2-2: Fly out, F7 (Line Drive, 7D, EV 93.8 MPH)
|
| Bottom of the 4th over - 0 runs, 1 hit, 0 errors, 2 left on base; Elmira 0 - Pawtucket 0 |
| TOP OF THE 5TH |
|
Elmira Pioneers batting - Pitching for Pawtucket Paw Sox : LHP John Hobbs
|
|
Batting: RHB Donn Koch
|
0-0: Fly out, F8 (Flyball, 8LD, EV 80.6 MPH)
|
|
Batting: RHB Edwin Rodriguez
|
0-0: Foul Ball, location: 2F 0-1: Ball 1-1: Fly out, F9 (Line Drive, 9, EV 85.0 MPH)
|
|
Batting: SHB Esteban Mendez
|
0-0: Ball 1-0: Called Strike 1-1: Foul Ball, location: 2F 1-2: Ball 2-2: Ground out 2-3 (Groundball, 15S, EV 64.4 MPH)
|
| Top of the 5th over - 0 runs, 0 hits, 0 errors, 0 left on base; Elmira 0 - Pawtucket 0 |
| BOTTOM OF THE 5TH |
|
Pawtucket Paw Sox batting - Pitching for Elmira Pioneers : RHP Rich Monteleone
|
|
Batting: LHB David Wiggins
|
0-0: Ball 1-0: Called Strike 1-1: Swinging Strike 1-2: Foul Ball, location: 2F 1-2: Ball 2-2: Ground out 4-3 (Groundball, 4S, EV 86.9 MPH)
|
|
Batting: RHB Shooty Babitt
|
0-0: Ball 1-0: DOUBLE (Line Drive, 9LM, EV 111.9 MPH)
|
|
Batting: RHB Gary Hargis
|
0-0: Called Strike 0-1: Fly out, F3 (Line Drive, 3, EV 61.9 MPH)
|
|
Batting: RHB Lenny Faedo
|
0-0: Ball 1-0: Ball 2-0: Called Strike 2-1: Swinging Strike 2-2: Ground out 3-1 (Groundball, 34, EV 83.1 MPH)
|
| Bottom of the 5th over - 0 runs, 1 hit, 0 errors, 1 left on base; Elmira 0 - Pawtucket 0 |
| TOP OF THE 6TH |
|
Elmira Pioneers batting - Pitching for Pawtucket Paw Sox : LHP John Hobbs
|
|
Batting: LHB Juan Flores
|
0-0: Fly out, F9 (Flyball, 9LS, EV 83.8 MPH)
|
|
Batting: RHB Curtis Cannedy
|
0-0: Ball 1-0: SOLO HOME RUN (Flyball, 9D, EV 96.3 MPH), Distance : 369 ft
|
|
Batting: SHB Michael Reeder
|
0-0: Fly out, F7 (Flyball, 7, EV 82.5 MPH)
|
|
Batting: LHB German Barranca
|
0-0: Fly out, F8 (Flyball, 8LXD, EV 101.9 MPH)
|
| Top of the 6th over - 1 run, 1 hit, 0 errors, 0 left on base; Elmira 1 - Pawtucket 0 |
| BOTTOM OF THE 6TH |
|
Pawtucket Paw Sox batting - Pitching for Elmira Pioneers : RHP Rich Monteleone
|
|
Batting: LHB Steven Garcia
|
0-0: Called Strike 0-1: Fly out, F8 (Flyball, 8LM, EV 88.1 MPH)
|
|
Batting: RHB Robert Duran
|
0-0: Ball 1-0: Swinging Strike 1-1: Foul Ball, location: 2F 1-2: Ball 2-2: Strikes out swinging
|
|
Batting: LHB Jeff Stone
|
0-0: Foul Ball, location: 2F 0-1: Ball 1-1: SINGLE (Flyball, 7LS, EV 99.4 MPH)
|
|
Batting: RHB Dave Malpeso
|
0-0: Ball 1-0: Swinging Strike 1-1: Ball 2-1: Foul Ball, location: 2F 2-2: Fly out, F8 (Flyball, 8LXD, EV 91.9 MPH)
|
| Bottom of the 6th over - 0 runs, 1 hit, 0 errors, 1 left on base; Elmira 1 - Pawtucket 0 |
| TOP OF THE 7TH |
|
Elmira Pioneers batting - Pitching for Pawtucket Paw Sox : LHP John Hobbs
|
|
Batting: LHB Neil Fiala
|
0-0: Called Strike 0-1: Called Strike 0-2: Ball 1-2: Foul Ball, location: 2F 1-2: Foul Ball, location: 2F 1-2: Ball 2-2: SINGLE (Groundball, 23, EV 78.8 MPH) (infield hit)
|
|
Batting: RHB Richard Givens
|
0-0: Fly out, F8 (Flyball, 78D, EV 106.3 MPH)
|
|
Batting: RHB Donn Koch
|
0-0: Called Strike 0-1: Ball 1-1: Ball 2-1: Foul Ball, location: 2F 2-2: Strikes out swinging
|
|
Batting: RHB Edwin Rodriguez
|
0-0: Ball 1-0: Ball 2-0: Called Strike 2-1: Ball 3-1: Base on Balls Neil Fiala to second
|
|
Batting: SHB Esteban Mendez
|
0-0: Ball 1-0: DOUBLE (Line Drive, 3D, EV 94.4 MPH) Neil Fiala scores Edwin Rodriguez to third Runner from 3rd tries for Home, SAFE, throw by RF to trailing runner, SAFE at third!
|
|
Batting: LHB Juan Flores
|
0-0: Ball 1-0: Ground out 4-3 (Groundball, 4M, EV 84.4 MPH)
|
| Top of the 7th over - 2 runs, 2 hits, 0 errors, 1 left on base; Elmira 3 - Pawtucket 0 |
| BOTTOM OF THE 7TH |
|
Pawtucket Paw Sox batting - Pitching for Elmira Pioneers : RHP Rich Monteleone
|
|
Batting: RHB Brick Smith
|
0-0: Ball 1-0: Ball 2-0: Called Strike 2-1: Foul Ball, location: 2F 2-2: Ground out 5-3 (Groundball, 5L, EV 85.6 MPH)
|
|
Batting: LHB David Wiggins
|
0-0: Ground out 6-3 (Groundball, 56, EV 106.9 MPH)
|
|
Batting: RHB Shooty Babitt
|
0-0: Ball 1-0: Ball 2-0: Fly out, F8 (Flyball, 8RD, EV 85.6 MPH)
|
| Bottom of the 7th over - 0 runs, 0 hits, 0 errors, 0 left on base; Elmira 3 - Pawtucket 0 |
| TOP OF THE 8TH |
|
Elmira Pioneers batting - Pitching for Pawtucket Paw Sox : LHP John Hobbs
|
|
Batting: RHB Curtis Cannedy
|
0-0: Foul Ball, location: 2F 0-1: Fly out, F8 (Flyball, 8LD, EV 108.1 MPH)
|
|
Batting: SHB Michael Reeder
|
0-0: SINGLE (Line Drive, 8LS, EV 96.3 MPH)
|
|
Batting: LHB German Barranca
|
0-0: Ball 1-0: Ball 2-0: Called Strike 2-1: Ball 3-1: SINGLE (Line Drive, 78S, EV 86.3 MPH) Michael Reeder to second
|
|
Batting: LHB Neil Fiala
|
0-0: Ball 1-0: Ball 2-0: Ball 3-0: Called Strike 3-1: Ground out 6-3 (Groundball, 6S, EV 67.5 MPH) Michael Reeder to third German Barranca to second
|
|
Batting: RHB Richard Givens
|
0-0: Called Strike 0-1: Ball 1-1: SINGLE (Line Drive, 4MD, EV 101.9 MPH) Michael Reeder scores German Barranca to third Runner from 3rd tries for Home, SAFE, throw by CF to home
|
|
Pitching: RHP Robert Crimian
|
|
|
Batting: RHB Donn Koch
|
0-0: Called Strike 0-1: Ball 1-1: Swinging Strike 1-2: SINGLE (Line Drive, 4D, EV 108.1 MPH) Richard Givens to second
|
|
Batting: RHB Edwin Rodriguez
|
0-0: Foul Ball, location: 2F 0-1: Ball 1-1: Ball 2-1: Ball 3-1: Base on Balls Richard Givens to third Donn Koch to second
|
|
Batting: SHB Esteban Mendez
|
0-0: Called Strike 0-1: Ball 1-1: Ball 2-1: Swinging Strike 2-2: Fly out, F6 (Flyball, 6D, EV 89.4 MPH)
|
| Top of the 8th over - 2 runs, 4 hits, 0 errors, 3 left on base; Elmira 5 - Pawtucket 0 |
| BOTTOM OF THE 8TH |
|
Pawtucket Paw Sox batting - Pitching for Elmira Pioneers : RHP Rich Monteleone
|
|
Batting: RHB Gary Hargis
|
0-0: Called Strike 0-1: Ball 1-1: Fly out, F7 (Flyball, 7, EV 89.4 MPH)
|
|
Batting: RHB Lenny Faedo
|
0-0: Ball 1-0: Fly out, F6 (Flyball, 6D, EV 79.4 MPH)
|
|
Batting: LHB Steven Garcia
|
0-0: Ground out 4-3 (Groundball, 4S, EV 70.6 MPH)
|
| Bottom of the 8th over - 0 runs, 0 hits, 0 errors, 0 left on base; Elmira 5 - Pawtucket 0 |
| TOP OF THE 9TH |
|
Elmira Pioneers batting - Pitching for Pawtucket Paw Sox : RHP Robert Crimian
|
|
Batting: LHB Juan Flores
|
0-0: Ball 1-0: Fly out, F9 (Flyball, 89D, EV 89.4 MPH)
|
|
Batting: RHB Curtis Cannedy
|
0-0: Ball 1-0: Ball 2-0: Swinging Strike 2-1: Ball 3-1: Base on Balls
|
|
Batting: SHB Michael Reeder
|
0-0: Foul Ball, location: 2F 0-1: Swinging Strike 0-2: Foul Ball, location: 2F 0-2: Fly out, F8 (Flyball, 78D, EV 96.9 MPH)
|
|
Batting: LHB German Barranca
|
0-0: Called Strike 0-1: Ball 1-1: Fly out, F7 (Line Drive, 7, EV 111.3 MPH)
|
| Top of the 9th over - 0 runs, 0 hits, 0 errors, 1 left on base; Elmira 5 - Pawtucket 0 |
| BOTTOM OF THE 9TH |
|
Pawtucket Paw Sox batting - Pitching for Elmira Pioneers : RHP Rich Monteleone
|
|
Batting: RHB Robert Duran
|
0-0: Ball 1-0: Ball 2-0: Ground out 4-3 (Groundball, 4, EV 100.0 MPH)
|
|
Batting: LHB Jeff Stone
|
0-0: Ball 1-0: Ground out U3 (Groundball, 34S, EV 78.1 MPH)
|
|
Batting: RHB Dave Malpeso
|
0-0: Fly out, F9 (Flyball, 89D, EV 96.9 MPH)
|
| Bottom of the 9th over - 0 runs, 0 hits, 0 errors, 0 left on base; Elmira 5 - Pawtucket 0 |
|